 Dungeon Crawl Stone Soup version 0.18.1-48-g4cf74bf (webtiles) character file.

422 Metae the Skirmisher (level 6, -3/56 HPs)
             Began as a Minotaur Fighter on July 8, 2016.
             Was an Initiate of Makhleb.
             Killed from afar by MBI's ghost (15 damage)
             ... with a bolt of negative energy
             ... on level 5 of the Dungeon.
             The game lasted 00:12:25 (2961 turns).

Metae the Skirmisher (Minotaur Fighter)             Turns: 2961, Time: 00:12:26

Health: -3/56      AC: 11    Str: 25    XL:     6   Next: 63%
Magic:  5/5        EV:  5    Int:  5    God:    Makhleb [......]
Gold:   150        SH: 11    Dex: 12    Spells: 0 memorised, 5 levels left

rFire  . . .     SeeInvis .     a - +0 trident
rCold  . . .     Gourm    .     w - +0 chain mail
rNeg   . . .     Faith    .     t - +2 shield
rPois  .         Spirit   .     (helmet restricted)
rElec  .         Dismiss  .     q - +0 cloak
rCorr  .         Reflect  .     m - +0 pair of gloves
SustAt .         Harm     .     (no boots)
MR     .....                    (no amulet)
Stlth  ..........               (no ring)
                                h - ring of flight

@: mighty, lethally poisoned (-3 -> -15), heavily drained, not resistant to
hostile enchantments, extremely unstealthy
A: retaliatory headbutt, horns 2
a: Renounce Religion, Evoke Flight


You were on level 5 of the Dungeon.
You worshipped Makhleb.
Makhleb was noncommittal.
You were not hungry.

You visited 1 branch of the dungeon, and saw 5 of its levels.

You collected 150 gold pieces.

Inventory:

Hand Weapons
 a - a +0 trident (weapon)
Armour
 b - a +0 scale mail
 m - a +0 pair of gloves (worn)
 q - a +0 cloak (worn)
 t - a +2 shield (worn)
 w - a +0 chain mail (worn)
Jewellery
 h - a ring of flight (left hand)
Wands
 y - a wand of flame (0/48)
Scrolls
 e - 3 scrolls of identify
 j - a scroll of amnesia {unknown}
 o - 4 scrolls of random uselessness {unknown}
 r - 4 scrolls of blinking {unknown}
 s - a scroll of recharging {unknown}
 x - a scroll of remove curse {unknown}
 z - a scroll of vulnerability {unknown}
Potions
 c - 2 potions of mutation {unknown}
 g - a potion of magic {unknown}
 i - a potion of heal wounds {unknown}
 l - a potion of lignification {unknown}
 n - 4 potions of agility {unknown}
 p - 2 potions of degeneration {unknown}
 u - a potion of flight {unknown}
 v - 3 potions of curing {unknown}
Comestibles
 f - 3 bread rations
 k - a meat ration
 A - a beef jerky


   Skills:
 * Level 5.6(3.1) Fighting
 + Level 3.4(1.1) Polearms
 * Level 5.5(3.0) Armour
 + Level 2.4(0.1) Dodging
 + Level 1.9(0.0) Stealth
 + Level 4.4(2.0) Shields


You had 5 spell levels left.
You didn't know any spells.

Dungeon Overview and Level Annotations

Branches:
Dungeon (5/15)
 Temple: D:4-7

Altars:
Makhleb
Nemelex Xobeh
Vehumet

Annotations:
D:5 MBI's ghost, novice DrVM


Innate Abilities, Weirdness & Mutations

You reflexively headbutt those who attack you in melee.
You have a pair of horns on your head.


Message History

The sting hits you!
You are more poisoned.
You completely miss MBI's ghost.
MBI's ghost is heavily damaged.
You feel sick. MBI's ghost hits you.
You closely miss MBI's ghost.
MBI's ghost is heavily damaged.
You feel sick.
MBI's ghost breathes negative energy at you.
The bolt of negative energy hits you!
You feel drained.
MBI's ghost gestures at you while chanting.
The sting hits you!
You are more poisoned.
* * * LOW HITPOINT WARNING * * *
You are too injured to fight recklessly!
* * * LOW HITPOINT WARNING * * *
You feel sick.
MBI's ghost breathes negative energy at you.
The bolt of negative energy hits you!
You feel drained.
You die...

.....###.....
#..........# # ####
#.........# . . ...
#.........# #. #.
#.###....<....# #.##.
#..##.........#
##..).#####............#
#......................##
........@...............#
###...?......#####.#.##..
#≈#....W.....# #........#
###....>................#
.........................
.............###...:....#
............## >.........
............. .#........#
.......$########........#


You could see MBI's ghost.

Vanquished Creatures
  A necrophage (D:4)
  2 crimson imps
  3 orc priests (D:4)
  A giant frog skeleton (D:4)
  An orc wizard (D:4)
  A worker ant (D:4)
  2 adders
  An adder skeleton (D:5)
  2 worms
  2 dart slugs
  2 giant geckos
  12 orcs
  A giant cockroach (D:1)
  9 goblins
  3 hobgoblins
  2 jackals (D:1)
  2 kobolds
  2 quokkas
  9 bats
  5 giant newts
  7 rats
70 creatures vanquished.

Notes
Turn   | Place    | Note
--------------------------------------------------------------
     0 | D:1      | Metae the Minotaur Fighter began the quest for the Orb.
     0 | D:1      | Reached XP level 1. HP: 19/19 MP: 0/0
   136 | D:1      | Reached XP level 2. HP: 27/27 MP: 1/1
   548 | D:2      | Reached XP level 3. HP: 33/33 MP: 2/2
  1491 | D:3      | Found a burning altar of Makhleb.
  1493 | D:3      | Found a radiant altar of Vehumet.
  1506 | D:3      | Reached skill level 1 in Dodging
  1506 | D:3      | Reached skill level 1 in Stealth
  1506 | D:3      | Reached XP level 4. HP: 40/41 MP: 3/3
  2015 | D:4      | Found a sparkling altar of Nemelex Xobeh.
  2043 | D:4      | Reached skill level 5 in Fighting
  2043 | D:4      | Reached XP level 5. HP: 19/48 MP: 4/4
  2150 | D:3      | Became a worshipper of Makhleb the Destroyer
  2223 | D:4      | Reached skill level 5 in Armour
  2462 | D:4      | Reached XP level 6. HP: 53/56 MP: 5/5
  2548 | D:5      | Entered Level 5 of the Dungeon
  2568 | D:5      | Noticed MBI's ghost (novice DrVM)
  2961 | D:5      | Killed from afar by MBI's ghost

Skill      XL: |  1  2  3  4  5 |
---------------+----------------+-----
Fighting       | 4 5 |  5.6
Armour         | 4 5 |  5.5
Dodging        | 1 2 |  2.4
Stealth        | 1 |  1.9
Shields        | 4 |  4.4
Polearms       | 3 |  3.4

Action                   |  1- 3 |  4- 6 || total
-------------------------+-------+-------++-------
Melee: Trident           |   124 |   139 ||   263
       Headbutt          |    13 |    31 ||    44
  Use: Scroll            |     1 |       ||     1
       Potion            |       |     1 ||     1
  Eat: Chunk             |     2 |     3 ||     5
       Bread ration      |       |     1 ||     1
Armor: Scale mail        |    26 |       ||    26
       Chain mail        |     3 |    56 ||    59
Dodge: Dodged            |    39 |    27 ||    66
Block: Shield            |    51 |    64 ||   115
